 Dungeon Crawl Stone Soup version 0.24.0-123-gd5b16e6ec5 (webtiles) character file.

Game seed: 4093924117969483677, levelgen mode: deterministic

65 Descartes the Grasshopper (level 3, 0/16 HPs)
             Began as a Felid Warper on Feb 5, 2020.
             Killed from afar by Sigmund (9 damage)
             ... with a magic dart
             ... on level 2 of the Dungeon.
             The game lasted 00:02:30 (1970 turns).

Descartes the Grasshopper (Felid Warper)            Turns: 1970, Time: 00:02:30

Health: 0/16       AC:  1    Str:  7    XL:     3   Next: 92%
Magic:  7/7        EV: 19    Int: 15    God:
Gold:   68         SH:  0    Dex: 15    Spells: 6/6 levels left
                                        Lives:  0   Deaths: 0

rFire    . . .     SeeInvis +     - Unarmed
rCold    . . .     Gourm    .   (shield unavailable)
rNeg     . . .     Faith    .   (armour unavailable)
rPois    .         Spirit   .   (helmet unavailable)
rElec    .         Reflect  .   (cloak unavailable)
rCorr    .         Harm     .   (gloves unavailable)
MR       .....                  (boots unavailable)
Stlth    +++.......             (no amulet)
HPRegen  0.05/turn              (no ring)
MPRegen  0.10/turn              (no ring)

@: quick
A: very small, no armour, no weapons or thrown items, stealth, claws 1, fangs 3,
see invisible, carnivore, speed 1, shaggy fur 1, slow metabolism 1, sharp paws
a: no special abilities


You were on level 2 of the Dungeon.
You were completely stuffed.

You visited 1 branch of the dungeon, and saw 2 of its levels.

You collected 68 gold pieces.

Inventory:

Missiles
 a - 70 stones
 m - 15 arrows
Jewellery
 h - an uncursed ring of poison resistance {unknown}
Scrolls
 b - 2 scrolls of blinking
 d - 4 scrolls of immolation {unknown}
 g - a scroll of remove curse {unknown}
 i - a scroll of identify {unknown}
 k - a scroll of teleportation {unknown}
Potions
 e - 2 potions of haste {unknown}
 f - a potion of degeneration {unknown}
 j - 2 potions of invisibility {unknown}
 n - a potion of curing {unknown}
 o - 2 potions of lignification {unknown}
 p - a potion of magic {unknown}
Comestibles
 c - 4 rations
 l - 4 chunks of flesh


   Skills:
 - Level 2.0 Fighting
 + Level 4.0 Dodging
 * Level 3.7 Stealth
 + Level 2.6 Unarmed Combat
 - Level 2.0 Spellcasting
   Level 4.4 Translocations


You had 6 spell levels left.
You didn't know any spells.
Your spell library contained the following spells:

 Spells                   Type           Power        Failure   Level  Hunger
 Blink                    Tloc           N/A          5%          2    ###....
 Gell's Gravitas          Tloc           ##........   11%         3    ###....
 Lesser Beckoning         Tloc           ##........   11%         3    ###....
 Teleport Other           Tloc           ##......     11%         3    ###....
 Shroud of Golubria       Chrm/Tloc      #.....       14%         2    ###....
 Passage of Golubria      Tloc           N/A          36%         4    #####..


Dungeon Overview and Level Annotations

Branches:
Dungeon (2/15)

Altars:
Ashenzari
Qazlal

Annotations:
D:2 Sigmund


Innate Abilities, Weirdness & Mutations

You cannot wear armour.
You are incapable of wielding weapons or throwing items.
Your paws allow you to move quietly. (Stealth)
You have sharp claws.
You have razor-sharp teeth.
You have supernaturally acute eyesight. (SInv)
You are carnivorous and can eat meat at any time.
You cover ground quickly.
You are covered in fur. (AC +1)
You have a slow metabolism.
Your sharp claws are effective at attacking unaware monsters.


Message History

You hear a zap.
You hear a grinding noise.
You hear a zap.
You hear a grinding noise.
You hear a zap.
You hear a grinding noise.
You hear a zap.
You hear a grinding noise.
An adder comes into view.
Sigmund the Dreaded comes into view.
He is wielding a +2 scythe of flaming.
You scratch Sigmund but do no damage. Sigmund barely misses you.
You closely miss Sigmund. Your bite misses Sigmund.
Sigmund casts a spell at you. The magic dart hits you!
Ouch! That really hurt!
You are too injured to fight recklessly!
You are too injured to fight recklessly!
You hear a zap.
You hear a grinding noise.
Sigmund casts a spell.
Sigmund flickers and vanishes for a moment.
Sigmund gestures at you while chanting. The magic dart hits you!
Ouch! That really hurt!
You die...

#.##.#.# #.#.# #.##.#.#
#.#.# #.##.#.# #.#.#
#.##.#.# #.#.# #.##.#.#
#.#.# # #.##.#.#####.#.#
# #.##.........#.#####
#####.####.#####.......#
............# #@#.#####
......####..# #.#...#
...##.# #รท.# #.#####
....#.# #..# #.# ....#.#
#..# #@######## .#..#.#
#..# #........#
.#..#.####..# #........#
.##.#.##<#..# #.#####..#
.##...##.#..# #.# #


You could see Sigmund (invisible).

Vanquished Creatures
  Natasha (D:2)
  An adder (D:2)
  A worm (D:2)
  A dart slug (D:1)
  A ball python (D:1)
  A goblin (D:2)
  2 hobgoblins (D:2)
  4 jackals (D:1)
  4 kobolds
  3 bats (D:2)
  5 frilled lizards
  5 rats
29 creatures vanquished.

Notes
Turn   | Place    | Note
-------+----------+-------------------------------------------
     0 | D:1      | Descartes the Felid Warper began the quest for the Orb.
     0 | D:1      | Reached XP level 1. HP: 9/9 MP: 4/4
   230 | D:1      | Reached skill level 1 in Stealth
   479 | D:1      | Found a shattered altar of Ashenzari.
   528 | D:1      | Reached XP level 2. HP: 13/13 MP: 6/6
   989 | D:2      | Found a stormy altar of Qazlal.
  1618 | D:2      | Reached XP level 3. HP: 11/16 MP: 7/7
  1905 | D:2      | Noticed Natasha
  1913 | D:2      | Killed Natasha
  1962 | D:2      | Noticed Sigmund
  1970 | D:2      | Killed from afar by Sigmund

Levels and vault maps discovered:
D:1:      elethiomel_arrival_maze, layout_loops_corners, evilmike_ruin_ashenzari
D:2:      layout_basic, nicolae_overflow_hidden_temple, first_ration,
          minmay_tetromino_s2, uniq_sigmund, uniq_natasha

Skill      XL: |  1  2  3 |
---------------+----------+-----
Stealth        | 1 2 3 |  3.7
Dodging        | 4 |  4.0
Fighting       | |  2.0
Unarmed Combat | |  2.6
Spellcasting   | |  2.0
Translocations | |  4.4

Action                   || total
-------------------------++-------
Melee: Unarmed           ||    80
       Bite              ||     8
       Punch             ||     1
 Stab: Sleeping          ||     9
  Eat: Chunk             ||     9
Armor: Skin              ||     6
Dodge: Dodged            ||    51
